Map: Dusk Towers

Players

LilDicky - Winner!

  • Race: Terran Terran
  • League: Platinum

Hostile

  • Race: Zerg Zerg
  • League: Diamond

VOD

http://www.twitch.tv/tumescentpie

Description

Time

  • Played on: Nov. 21, 2015, 8:42 p.m.
  • Length: 14:18
Show
View Real Time Build Order
Export as new Build Order

LilDicky Terran - Winner!

Build Orders: Command Center First (CC), MMM Bio 

Get SALT Encoding   

  12  0:01  SCV  
  13  0:13  SCV  
  14  0:20  Supply Depot  
  14  0:25  SCV  
  15  0:41  SCV  
  16  0:54  SCV  
  17  1:01  Command Center  
  17  1:06  SCV  
  18  1:15  Barracks  
  18  1:18  SCV  
  19  1:30  SCV  
  20  1:42  SCV  
  21  1:54  SCV  
  21  1:59  Command Center  
  22  2:04  Supply Depot  
  22  2:07  Marine  
  23  2:13  SCV  
  24  2:15  SCV  
  25  2:26  Orbital Command  
  25  2:29  Marine  
  26  2:32  Orbital Command  
  26  2:47  Marine  
  27  3:03  SCV  
  27  3:05  Marine  
  29  3:09  Command Center  
  29  3:10  Barracks  
  29  3:11  Barracks  
  29  3:19  Orbital Command  
  29  3:22  Marine  
  29  3:24  SCV  
  29  3:27  SCV  
  32  3:36  SCV  
  32  3:40  SCV, Marine  
  35  3:46  SCV  
  35  3:47  Barracks  
  35  3:48  SCV  
  37  3:49  Barracks  
  37  4:02  Marine  
  38  4:06  Marine x2  
  38  4:07  SCV  
  41  4:10  SCV  
  41  4:14  SCV  
  41  4:15  Barracks  
  41  4:17  Barracks  
  43  4:19  Marine  
  43  4:20  SCV  
  43  4:23  Orbital Command  
  43  4:24  Marine x2  
  45  4:27  SCV  
  45  4:28  Refinery  
  45  4:29  Refinery, Engineering Bay  
  48  4:37  Marine  
  49  4:41  SCV x2, Marine x2  
  49  4:42  Bunker, Marine  
  54  4:52  Marine  
  55  4:54  Supply Depot  
  55  4:55  SCV x3, Marine  
  55  4:57  Supply Depot x2  
  55  4:59  Marine x2  
  61  5:07  Refinery x2  
  61  5:12  Marine x2  
  61  5:13  Marine x2  
  65  5:25  Marine x2, Orbital Command  
  65  5:26  Marine  
  59  5:29  Supply Depot  
  59  5:30  Marine x2  
  59  5:33  SCV x2  
  59  5:35  Barracks Tech Lab  
  64  5:36  Barracks Tech Lab  
  64  5:37  Terran Infantry Weapons Level 1  
  63  5:43  Marine x3  
  63  5:45  SCV x3  
  63  5:49  Barracks x2  
  68  5:53  Marine  
  68  5:54  Marine  
  68  5:55  Supply Depot  
  68  5:56  SCV  
  71  5:57  SCV x2  
  71  6:02  Marine x2  
  71  6:03  Marine  
  76  6:08  Factory  
  76  6:11  Engineering Bay  
  76  6:25  Marine x2  
  72  6:27  Combat Shields, Stimpack  
  72  6:31  Barracks Reactor x2  
  72  6:32  Barracks Reactor  
  70  6:33  Barracks Reactor  
  70  6:39  Barracks Reactor  
  68  6:40  Barracks Reactor  
  68  6:43  Supply Depot, Marine x2, Barracks Reactor  
  70  6:48  SCV x2, Bunker  
  72  6:55  Terran Infantry Armor Level 1, Armory  
  72  7:00  Refinery  
  72  7:01  Refinery, Marine x2  
  72  7:04  Starport  
  74  7:10  Marine x2  
  74  7:11  Marine  
  77  7:19  Marine x2  
  77  7:20  Supply Depot, Marine x6  
  85  7:23  Supply Depot, Factory Reactor  
  85  7:24  Marine  
  86  7:30  Marine x3  
  86  7:33  Marine x3  
  86  7:36  Marine  
  86  7:37  Marine x2  
  92  7:38  Marine  
  96  7:46  Concussive Shells  
  96  7:50  Marine x3  
  93  7:54  Marine x2  
  93  7:56  Terran Infantry Weapons Level 2  
  93  7:57  Supply Depot  
  85  8:03  Marine x2  
  87  8:06  Supply Depot, Factory Reactor  
  87  8:08  SCV  
  87  8:10  Marine x2  
  87  8:12  Supply Depot, Marine  
  91  8:13  Marauder  
  91  8:14  Command Center  
  91  8:19  Marine x3  
  94  8:20  Marine  
  97  8:28  Marine x2  
  97  8:30  Marauder  
  97  8:32  SCV x4  
  97  8:33  Supply Depot  
  105  8:34  Marauder  
  105  8:38  Missile Turret  
  105  8:40  Medivac  
  105  8:41  Missile Turret, Medivac  
  111  8:45  Marine x3  
  114  8:50  Marine x2  
  114  8:52  Marauder  
  118  8:56  Marauder  
  103  9:10  Marine x2  
  103  9:11  Marine x2  
  103  9:12  Marine  
  103  9:13  Marauder, Marine  
  103  9:15  Medivac x2  
  111  9:17  Marauder  
  111  9:18  Missile Turret  
  111  9:19  Missile Turret  
  111  9:20  Missile Turret  
  111  9:22  Marine x4  
  111  9:23  Marine  
  116  9:28  Missile Turret x2, Terran Infantry Armor Level 2  
  116  9:30  Missile Turret  
  116  9:32  Missile Turret x2  
  116  9:33  Missile Turret  
  116  9:35  Marauder  
  120  9:38  Marauder  
  120  9:40  Missile Turret  
  120  9:42  Missile Turret  
  120  9:45  Missile Turret, Marine x2  
  119  9:49  Marine x4  
  119  9:50  Marine x3  
  119  9:51  Widow Mine  
  119  9:52  Widow Mine  
  130  9:56  Marauder  
  134  10:00  Marauder  
  134  10:03  Marine x6  
  139  10:07  Marine  
  139  10:08  Marine  
  140  10:17  Marauder  
  134  10:21  Marauder  
  134  10:23  Marine  
  117  10:31  Marine  
  117  10:32  Marine x12  
  130  10:38  Planetary Fortress, Marine  
  130  10:41  Marine  
  129  10:43  Marauder  
  129  10:49  Missile Turret, Marine x7  
  115  10:50  Medivac, Marine  
  115  10:54  Terran Infantry Weapons Level 3  
  124  10:58  Supply Depot  
  124  11:20  Missile Turret  
  124  11:23  Marine  
  124  11:24  Supply Depot, Marauder x2, Marine  
  124  11:25  Missile Turret, Marine x2  
  116  11:52  Marine x2  
  116  11:53  Marine  
  99  11:56  Marine x3  
  99  11:58  Marine  
  99  11:59  Marine x9  
  99  12:00  Widow Mine x2, Medivac x2  
  118  12:10  Marine x3  
  118  12:14  Marine x3  
  123  12:16  Marine  
  123  12:17  Marauder x2, Marine x4  
  123  12:20  SCV  
  133  12:30  Marine x3  
  136  12:39  Orbital Command, Marauder x2  
  137  12:49  Marine  
  137  12:50  Marine x3  
  140  12:55  Supply Depot  
  140  13:00  Missile Turret, Marauder x2  
  130  13:22  Marauder x2  
  117  13:34  Marine x2  
  117  13:40  Marine  
  117  13:41  Marine x3  
  117  13:43  Marauder x2  
  117  13:45  Marine x8  
  129  13:49  Supply Depot  
  129  13:52  Marine x2  
  133  13:58  Marine x2  
  133  13:59  Marine x2  
  137  14:07  Supply Depot x5  
  137  14:09  Supply Depot  
  143  14:10  Supply Depot  
Show
View Real Time Build Order
Export as new Build Order

Hostile Zerg 

Build Orders: Hatch First, Muta Ling Bane 

Get SALT Encoding   

  12  0:01  Drone  
  13  0:13  Overlord  
  13  0:18  Drone  
  14  0:31  Drone  
  14  0:32  Drone  
  16  0:37  Drone  
  17  0:47  Drone  
  18  0:56  Hatchery  
  17  0:58  Drone  
  17  1:04  Extractor  
  17  1:09  Drone  
  18  1:18  Spawning Pool  
  17  1:21  Drone  
  18  1:30  Drone  
  19  1:40  Overlord  
  19  1:54  Drone  
  20  2:03  Drone  
  20  2:05  Queen  
  20  2:08  Metabolic Boost  
  23  2:09  Queen  
  23  2:10  Zergling x2  
  23  2:13  Zergling x2  
  27  2:33  Hatchery  
  27  2:36  Drone  
  27  2:38  Drone  
  27  2:41  Drone  
  29  2:58  Drone x3  
  30  2:59  Drone x2  
  34  3:06  Overlord  
  34  3:15  Baneling Nest  
  33  3:20  Lair  
  33  3:23  Overlord  
  33  3:29  Drone x3  
  33  3:34  Overlord  
  36  3:39  Extractor  
  35  3:42  Drone  
  35  3:43  Drone x2  
  35  3:45  Drone x2  
  35  3:46  Drone  
  41  3:52  Extractor  
  41  3:55  Drone x3, Extractor  
  42  3:59  Drone x2  
  42  4:01  Drone  
  45  4:06  Overlord  
  45  4:11  Zergling x6  
  45  4:13  Zergling x2  
  45  4:15  Zergling x2  
  50  4:23  Baneling  
  50  4:24  Baneling x3  
  50  4:31  Drone x5  
  53  4:36  Queen  
  57  4:46  Spire  
  57  4:48  Drone x2  
  58  4:53  Overlord  
  58  4:54  Overlord  
  58  5:13  Overlord x2  
  58  5:26  Zergling x4  
  58  5:31  Drone x2  
  58  5:32  Drone x6  
  58  5:33  Drone x3  
  69  5:40  Extractor x2  
  69  5:41  Drone x3  
  70  5:46  Drone  
  70  5:47  Hatchery, Drone  
  67  5:51  Baneling  
  67  5:52  Baneling x3  
  67  5:59  Zergling x10  
  72  6:09  Zergling x4  
  74  6:12  Overlord x2  
  68  6:26  Zergling x6  
  72  6:32  Drone  
  72  6:33  Drone  
  72  6:38  Zerg Flyer Weapons Level 1  
  73  6:43  Hatchery  
  73  6:45  Zergling x4  
  73  6:46  Zergling x10  
  79  6:47  Evolution Chamber  
  79  6:48  Evolution Chamber  
  77  6:59  Overlord x2  
  77  7:00  Overlord x3  
  77  7:11  Drone x4, Infestation Pit  
  80  7:18  Centrifical Hooks  
  80  7:21  Zerg Melee Weapons Level 1  
  80  7:22  Zerg Ground Armor Level 1  
  80  7:25  Zergling x12  
  80  7:26  Zergling x10  
  91  7:31  Overlord x2  
  91  7:50  Zergling x8  
  91  7:51  Zergling x12  
  89  7:59  Hatchery  
  89  8:00  Drone x6  
  94  8:14  Hive  
  94  8:19  Mutalisk x2  
  89  8:20  Mutalisk x6  
  89  8:23  Mutalisk  
  89  8:26  Mutalisk  
  109  8:28  Mutalisk  
  109  8:31  Mutalisk  
  113  8:34  Mutalisk  
  113  8:37  Mutalisk  
  117  8:44  Zergling x10  
  117  8:45  Zergling x2  
  123  8:53  Baneling x3  
  123  8:54  Baneling  
  98  9:11  Zergling x10  
  98  9:12  Zergling x14  
  98  9:13  Zergling x10  
  98  9:14  Zergling x2  
  115  9:19  Drone  
  115  9:20  Drone x4  
  120  9:42  Spine Crawler  
  120  9:43  Spine Crawler  
  120  9:44  Spine Crawler  
  120  9:45  Spine Crawler  
  114  9:48  Mutalisk x3  
  114  9:49  Mutalisk x3  
  126  9:57  Baneling x2  
  126  9:58  Baneling x7  
  126  9:59  Baneling x5  
  126  10:00  Baneling  
  116  10:26  Zergling x10  
  116  10:27  Zergling x8  
  117  10:30  Zergling x6  
  117  10:31  Zergling x10  
  117  10:32  Zergling x10  
  125  10:41  Spawning Pool  
  120  10:50  Drone x7  
  120  10:51  Drone x4  
  120  10:55  Zerg Melee Weapons Level 2  
  120  10:56  Zerg Ground Armor Level 2  
  127  11:11  Baneling  
  127  11:12  Baneling x6  
  127  11:13  Baneling x7  
  127  11:16  Baneling x5  
  127  11:17  Baneling  
  127  11:37  Extractor  
  110  11:53  Zergling x8  
  110  11:54  Zergling x12  
  83  11:55  Zergling x12  
  83  11:56  Zergling x4  
  85  12:02  Ultralisk Cavern  
  63  12:16  Baneling x3  
  63  12:17  Baneling x6  
  63  12:18  Baneling x6  
  63  12:19  Baneling x6  
  63  12:20  Baneling x5  
  63  12:21  Zergling x6  
  63  12:22  Zergling x12  
  72  12:23  Zergling x2  
  73  12:35  Extractor  
  73  12:36  Extractor  
  71  12:37  Queen  
  71  12:38  Queen x2  
  71  12:39  Queen  
  80  12:54  Chitinous Plating  
  80  12:56  Ultralisk x4  
  104  13:06  Ultralisk  
  82  13:27  Ultralisk x2  
  81  13:44  Zergling x2  
  81  13:45  Zergling x12  
  81  13:46  Zergling x8  
Tags
 
Add a new tag
Caveats
  • Supply blocks, unpowered buildings, or Contaminate may cause inaccurate times.
  • Supply counts are checked every 10 seconds.